 Dungeon Crawl Stone Soup version 0.31-a0-232-gb1c03b2570 (webtiles) character file.

Game seed: 2755713825927432843

322 qw the Shooter (level 6, -1/53 HPs)
             Began as a Minotaur Hexslinger on July 7, 2023.
             Slain by an adder (3 damage)
             ... on level 4 of the Dungeon.
             The game lasted 00:00:58 (2771 turns).

qw the Shooter (Minotaur Hexslinger)                Turns: 2771, Time: 00:00:59

Health: -1/53      AC:  8    Str: 13    XL:     6   Next: 22%
Magic:  6/6        EV: 11    Int: 10    God:
Gold:   219        SH:  0    Dex: 14    Spells: 6/7 levels left

rFire   . . .        Y - +1 sling
rCold   . . .        (no shield)
rNeg    . . .        e - +0 ring mail
rPois   .            (helmet restricted)
rElec   .            (no cloak)
rCorr   .            b - +2 pair of gloves
SInv    .            (no boots)
Will    .....        (no amulet)
Stlth   +            (no ring)
HPRegen 0.28/turn    (no ring)
MPRegen 0.10/turn

%: no passive effects
@: lethally poisoned (-1 -> -4)
A: horns 2, retaliatory headbutt
a: no special abilities


You were on level 4 of the Dungeon.
You visited 1 branch of the dungeon, and saw 4 of its levels.

You collected 219 gold pieces.


Innate Abilities, Weirdness & Mutations

You have a pair of horns on your head.
You reflexively headbutt those who attack you in melee.


   Skills:
 - Level 4.3 Fighting
 + Level 6.0 Ranged Weapons
 - Level 1.0 Armour
 - Level 2.1 Dodging
 - Level 1.0 Spellcasting
 - Level 2.0 Hexes


You had 6 spell levels left.
You knew the following spells:

 Your Spells              Type           Power      Damage    Failure   Level
a - Slow                  Hex            16%        N/A       32%         1

Your spell library contained the following spells:

 Spells                   Type           Power      Damage    Failure   Level
 Inner Flame              Hex/Fire       2%         N/A       82%         3
 Portal Projectile        Hex/Tloc       4%         N/A       82%         3
 Cause Fear               Hex            2%         N/A       97%         4

Inventory:

Hand Weapons
 Y - a +1 sling (weapon)
Armour
 b - a +2 pair of gloves (worn)
 e - a +0 ring mail (worn)
Scrolls
 a - a scroll of identify
Potions
 c - a potion of haste {unknown}
 g - a potion of mutation {unknown}
 h - a potion of magic {unknown}

Dungeon Overview and Level Annotations

Branches:
Dungeon (4/15)
 Temple: D:4-7

Altars:
Uskayaw


Message History

The ogre is moderately wounded.
The ogre closely misses you.
You shoot a sling bullet.
The sling bullet barely misses the ogre.
An adder comes into view.
The ogre barely misses you.
You shoot a sling bullet. The adder hisses angrily.
The sling bullet hits the ogre!
The ogre is heavily wounded.
The ogre barely misses you.
You shoot a sling bullet.
The sling bullet hits the ogre but does no damage.
The ogre is heavily wounded.
The ogre misses you.
You shoot a sling bullet. The sling bullet hits the ogre.
The ogre is severely wounded.
You shoot a sling bullet. The sling bullet hits the ogre.
The ogre is almost dead.
The ogre closely misses you. The adder bites you but does no damage.
You shoot a sling bullet. The sling bullet hits the ogre.
The ogre is almost dead.
The adder barely misses you. The ogre closely misses you.
The adder barely misses you.
You shoot a sling bullet.
The sling bullet barely misses the ogre.
The adder bites you but does no damage.
The ogre hits you with a +0 giant club!!
Ouch! That really hurt!
You shoot a sling bullet. The sling bullet hits the ogre.
You kill the ogre!
The adder bites you but does no damage. The adder bites you.
You are lethally poisoned!
The adder poisons you!
Your Fighting skill increases to level 4!
You have reached level 6!
You shoot a sling bullet. The sling bullet hits the adder!
The adder is heavily wounded.
You feel sick. The adder bites you.
You die...

###.. .# .# #.... .. #.#
## ####.#.# .#..
..##......## ..)#
#..........## #..#
.........../# #..#
............####..#
.#..............S##
............##.#@#
##...............)......
...........##.>#?...####
...........##.###.....
##..........#.# ###...#
##...........$ #...
##..........#.. .#.
##..........#.. #
##........?.#


You could see an adder.

Vanquished Creatures
  An ogre (D:4)
  2 orc priests
  A hound (D:4)
  An orc wizard (D:4)
  3 adders
  A dart slug (D:4)
  14 orcs
  7 endoplasms
  3 giant cockroaches
  10 goblins
  8 hobgoblins
  4 jackals (D:1)
  5 kobolds
  A quokka (D:3)
  3 ball pythons
  4 bats
  3 frilled lizards
  4 rats
75 creatures vanquished.

Notes
Turn   | Place    | Note
-------+----------+-------------------------------------------
     0 | D:1      | qw the Minotaur Hexslinger began the quest for the Orb.
     0 | D:1      | Reached XP level 1. HP: 16/16 MP: 1/1
     0 | D:1      | 0 ||| qw: Version: 0.3-a-46-gb1f654a
     0 | D:1      | 0 ||| qw: Game counter: 2691
     0 | D:1      | 0 ||| qw: Melee chars always use a shield: true
     0 | D:1      | 0 ||| qw: God list: Okawaru
     0 | D:1      | 0 ||| qw: Allow faded altars: false
     0 | D:1      | 0 ||| qw: Do Orc after clearing Dungeon:15 true
     0 | D:1      | 0 ||| qw: Do second Lair branch before Depths: true
     0 | D:1      | 0 ||| qw: Lair rune preference: random
     0 | D:1      | 0 ||| qw: Goals: Normal
     0 | D:1      | 0 ||| PLANNING D:1-11
   129 | D:1      | Reached skill level 3 in Ranged Weapons
   130 | D:1      | Reached XP level 2. HP: 23/23 MP: 2/2
   799 | D:1      | Found a faded altar of an unknown god.
   986 | D:1      | 986 ||| UPGRADING to +0 ring mail.
   996 | D:1      | 996 ||| DROPPING +0 robe.
   997 | D:1      | 997 ||| READING scroll labelled FECUZISAOL.
   998 | D:1      | 998 ||| READING scroll labelled GUUWAMP OZUFOU.
   999 | D:1      | 999 ||| DROPPING scroll of poison.
  1072 | D:2      | Found a hide-covered altar of Uskayaw.
  1179 | D:2      | Reached XP level 3. HP: 29/29 MP: 3/3
  1564 | D:2      | Reached skill level 4 in Ranged Weapons
  1582 | D:2      | 1582 ||| UPGRADING to +2 pair of gloves.
  1587 | D:2      | 1587 ||| READING 2 scrolls labelled TIKKOBLEPO.
  1590 | D:2      | 1590 ||| READING 2 scrolls of identify.
  1590 | D:2      | 1590 ||| IDENTIFYING fizzy coppery potion
  1591 | D:2      | 1591 ||| DROPPING potion of invisibility.
  1622 | D:3      | 1622 ||| FLEEEEING.
  1623 | D:3      | 1623 ||| FLEEEEING.
  1630 | D:3      | Reached skill level 1 in Armour
  1632 | D:3      | 1632 ||| STAIRDANCE
  1689 | D:3      | 1689 ||| FLEEEEING.
  1692 | D:3      | 1692 ||| FLEEEEING.
  1698 | D:3      | HP: 5/29 [quokka (4)]
  1698 | D:3      | HP: 2/29 [orc priest/+0 trident (3)]
  1699 | D:3      | 1699 ||| READING scroll of teleportation.
  1703 | D:3      | Reached XP level 4. HP: 4/36 MP: 4/4
  1707 | D:3      | HP: 2/36 [orc/+0 short sword (3)]
  2224 | D:3      | HP: 7/36 [orc priest/+0 trident (3)]
  2227 | D:3      | Reached skill level 5 in Ranged Weapons
  2503 | D:4      | 2503 ||| Stepping ~*~*~tactically~*~*~ (outnumbered).
  2505 | D:4      | 2505 ||| Stepping ~*~*~tactically~*~*~ (outnumbered).
  2507 | D:4      | 2507 ||| Stepping ~*~*~tactically~*~*~ (outnumbered).
  2514 | D:4      | Reached skill level 3 in Fighting
  2514 | D:4      | Reached XP level 5. HP: 18/45 MP: 5/5
  2517 | D:4      | HP: 10/45 [orc wizard/+0 dagger (3)]
  2520 | D:4      | 2520 ||| FLEEEEING.
  2521 | D:4      | 2521 ||| STAIRDANCE
  2524 | D:3      | HP: 9/45 [giant cockroach (1)]
  2674 | D:4      | 2674 ||| Stepping ~*~*~tactically~*~*~ (outnumbered).
  2700 | D:4      | Reached skill level 6 in Ranged Weapons
  2753 | D:4      | Noticed an ogre
  2769 | D:4      | HP: 3/45 [ogre/+0 giant club (23)]
  2770 | D:4      | Killed an ogre
  2771 | D:4      | Reached XP level 6. HP: 3/53 MP: 6/6
  2771 | D:4      | Slain by an adder

Levels and vault maps discovered:
D:1:      nicolae_arrival_somewhat_less_tricky_arrival, layout_loops_corners,
          dreamdust_ecumenical_altar_angels_and_demons,
          chequers_decorated_corner
D:2:      layout_loops_ring, basic_altar
D:3:      layout_basic, dk_vineyard_3, minmay_misc_feat_roman,
          minmay_crystal_water, guppyfry_early_orc_mine
D:4:      layout_rooms, cheibrodos_gnoll_hut, uniq_blork_the_orc

Skill      XL: |  1  2  3  4  5 |
---------------+----------------+-----
Ranged Weapons | 3 4 5 6 |  6.0
Fighting       | 2 3 4 |  4.3
Armour         | 1 |  1.0
Dodging        | |  2.1
Spellcasting   | |  1.0
Hexes          | |  2.0

Action                     |  1- 3 |  4- 6 || total
---------------------------+-------+-------++-------
   Fire: Sling             |   111 |   140 ||   251
    Use: Scroll            |     5 |       ||     5
 Armour: Robe              |     1 |       ||     1
         Ring mail         |    23 |    28 ||    51
  Dodge: Dodged            |    43 |    56 ||    99

Table legend:
 A = Non-vault XP
 B = Vault XP
 C = Vault XP percentage of total XP
 D = Non-vault monster count
 E = Vault monster count
 F = Vault count percentage of total count
                 A         B        C        D         E       F
            +---------+---------+-------+---------+---------+-------
      Total |     444 |      17 |   3.7 |      68 |       7 |   9.3
            +---------+---------+-------+---------+---------+-------
        D:1 |      39 |       0 |   0.0 |      22 |       0 |   0.0
        D:2 |      37 |       0 |   0.0 |       8 |       0 |   0.0
        D:3 |      96 |      17 |  15.0 |      24 |       7 |  22.6
        D:4 |     272 |       0 |   0.0 |      14 |       0 |   0.0
            +---------+---------+-------+---------+---------+-------
